AoeStats
← Flo

Arabia

503461220Analyzed
2v2 RM · 1mo ago on Aug 31, 2026· 21m 26s· 4 players
Game mode
Random Map
Map size
Medium (4 player)
Population
200
Speed
Normal
Resources
Standard
Victory
Conquest
Starting age
Dark Age
Ending age
Imperial Age
RankedLock teamsTeams togetherTeam positionsShared explorationLock speedFull tech treeHidden civsTurbo modeCheats
Victory
Defeat
🇩🇪 Wei · Germany
1442
+13
🇨🇳 Celts · China
1385
+15
🇨🇭 Armenians · Switzerland
1372
-14
🇨🇭 Spanish · Switzerland
1372
-14
Yo
6:53 Loom
9:26 Feudal Age
9:33 Man-at-Arms
10:00 Double-Bit Axe
15:55 Fletching
18:18 Town Watch
21:06 Castle Age
19:35 Gold Mining
20:06 Padded Archer Armor
21:27 Horse Collar
21:12 Crossbowman
I_hate_arabia
6:01 Loom
8:31 Feudal Age
9:14 Double-Bit Axe
9:46 Horse Collar
13:20 Gold Mining
14:51 Wheelbarrow
18:58 Castle Age
17:23 Stone Mining
18:38 Bloodlines
18:37 Scale Barding Armor
19:54 Bow Saw
20:24 Gold Shaft Mining
21:56 Chain Barding Armor
Flo
6:58 Loom
9:36 Feudal Age
16:06 Double-Bit Axe
18:58 Scale Barding Armor
20:33 Wheelbarrow
23:43 Castle Age
21:55 Bloodlines
22:00 Forging
wit^
7:04 Loom
9:22 Feudal Age
10:16 Double-Bit Axe
16:35 Fletching
19:38 Padded Archer Armor
Connection lost

Rejoining the realm…

Still unreachable

The connection could not be restored.

Session expired

The server has moved on; the page needs a fresh start.